 Dungeon Crawl Stone Soup version 0.29.1-15-g9cfb28693d (webtiles) character file.

Game seed: 198873226295796825

83 Eitelfritz the Grave Robber (level 4, -1/31 HPs)
             Began as a Demonspawn Necromancer on Mar 9, 2023.
             Slain by Terence
             ... wielding a +5 flail of protection
              (11 damage)
             ... on level 2 of the Dungeon.
             The game lasted 00:05:11 (2165 turns).

Eitelfritz the Grave Robber (DsNe)                  Turns: 2165, Time: 00:05:12

Health: -1/31      AC:  5    Str: 10    XL:     4   Next: 22%
Magic:  0/8        EV: 12    Int: 16    God:
Gold:   53         SH:  4    Dex: 14    Spells: 4/8 levels left

rFire   . . .      SeeInvis .   a - +0 dagger (pain)
rCold   . . .      Faith    .   (no shield)
rNeg    . . .      Spirit   .   e - +0 robe
rPois   .          Reflect  .   (no helmet)
rElec   .          Harm     .   (no cloak)
rCorr   .          Rampage  .   j - +0 pair of gloves
Will    .....                   (no boots)
Stlth   ++........              (no amulet)
HPRegen 0.10/turn               (no ring)
MPRegen 0.11/turn               (no ring)

@: no status effects
A: yellow scales 1, condensation shield
a: no special abilities


You were on level 2 of the Dungeon.
You visited 1 branch of the dungeon, and saw 2 of its levels.

You collected 53 gold pieces.

Inventory:

Hand Weapons
 a - a +0 dagger of pain (weapon)
 k - a +0 short sword
Missiles
 f - 6 javelins
 l - 7 poisoned darts
Armour
 e - a +0 robe (worn)
 j - a +0 pair of gloves (worn)
Jewellery
 i - a ring of protection from cold
 m - a ring of fire
Scrolls
 c - 2 scrolls of blinking {unknown}
 g - 2 scrolls of identify {unknown}
 h - a scroll of enchant weapon {unknown}
 p - a scroll of butterflies {unknown}
 q - a scroll of amnesia {unknown}
Potions
 b - a potion of magic
 d - a potion of haste
 n - 2 potions of attraction {unknown}
 o - a potion of lignification {unknown}


   Skills:
 + Level 0.3 Fighting
 + Level 0.3 Short Blades
 + Level 2.1 Dodging
 + Level 2.1 Stealth
 + Level 2.9 Spellcasting
 + Level 5.2 Necromancy


You had 4 spell levels left.
You knew the following spells:

 Your Spells              Type           Power      Damage    Failure   Level
a - Necrotise             Necr           76%        1d7       2%          1
b - Vampiric Draining     Necr           19%        2d7       7%          3

Your spell library contained the following spells:

 Spells                   Type           Power      Damage    Failure   Level
 Animate Dead             Necr           19%        N/A       22%         4
 Agony                    Necr           19%        N/A       52%         5


Dungeon Overview and Level Annotations

Branches:
Dungeon (2/15)

Altars:

Annotations:
D:2 Terence


Innate Abilities, Weirdness & Mutations

You are partially covered in yellow scales. (AC +2)
A meltable shield of frost defends you. (SH +4)


Message History

You block Terence's attack.
Casting: Necrotise (safe; 2% risk of failure)
Confirm with . or Enter, or press ? or * to list all spells.
Aiming: Necrotise (safe; 2% risk of failure)
Press: ? - help, Shift-Dir - straight line, f/p - Terence
Aim: Terence, wielding a +5 flail of protection and wearing a +0 scale mail of willpower (lightly wounded, fast, ally target, chance to affect: 53%) Terence resists with significant effort.
Terence hits you with a +5 flail of protection!
Your adder skeleton barely misses Terence.
Casting: Necrotise (safe; 2% risk of failure)
Confirm with . or Enter, or press ? or * to list all spells.
The spell is quite dangerous to miscast (7% risk of failure)!
Continue anyway?
Aiming: Vampiric Draining (quite dangerous; 7% risk of failure)
Press: ? - help, Shift-Dir - straight line, f/p - Terence
Aim: Terence, wielding a +5 flail of protection and wearing a +0 scale mail of willpower (lightly wounded, fast, ally target)
You draw life force from Terence.
You feel life coursing into your body.
Terence hits you with a +5 flail of protection.
Your adder skeleton barely misses Terence.
You block Terence's attack.
Casting: Vampiric Draining (quite dangerous; 7% risk of failure)
Confirm with . or Enter, or press ? or * to list all spells.
Aiming: Necrotise (safe; 2% risk of failure)
Press: ? - help, Shift-Dir - straight line, f/p - Terence
Aim: Terence, wielding a +5 flail of protection and wearing a +0 scale mail of willpower (moderately wounded, fast, ally target, chance to affect: 53%) Terence writhes in agony.
Your adder skeleton bites Terence but does no damage.
Terence barely misses your adder skeleton.
Your adder skeleton bites Terence but does no damage.
Casting: Necrotise (safe; 2% risk of failure)
Confirm with . or Enter, or press ? or * to list all spells.
Aiming: Necrotise (safe; 2% risk of failure)
Press: ? - help, Shift-Dir - straight line, f/p - Terence
Aim: Terence, wielding a +5 flail of protection and wearing a +0 scale mail of willpower (severely wounded, fast, not watching you, ally target, chance to affect: 53%) Terence writhes in agony.
Terence hits you with a +5 flail of protection.
Terence misses you.
Your adder skeleton completely misses Terence.
Terence attacks as you move away!
Terence hits you with a +5 flail of protection!
You die...

####......#
.@........## #.#
#.......# #.# #...)..#
#.# #####.## #.# #.#
#.# #Z# #.# ##@## #.#
##.@.## ###.##
##.....##
#....######.......##
###.#................#
....)................+
###.#...####.........#
#.......###.......##
###.###.# #......##
#.# #.# #.#...##


You could see Terence (fast, ally target) and a friendly adder skeleton.

Vanquished Creatures
  3 adders (D:2)
  3 worms (D:2)
  8 endoplasms
  2 goblins
  7 hobgoblins
  4 quokkas
  4 ball pythons
  2 bats
  8 kobolds
  4 rats
45 creatures vanquished.

Notes
Turn   | Place    | Note
-------+----------+-------------------------------------------
     0 | D:1      | Eitelfritz the Demonspawn Necromancer began the quest for
                  | the Orb.
     0 | D:1      | Reached XP level 1. HP: 13/13 MP: 3/3
   324 | D:1      | Gained mutation: You are partially covered in yellow
                  | scales. (AC +2) [demonic ancestry]
   324 | D:1      | Reached XP level 2. HP: 18/19 MP: 0/5
   802 | D:1      | Reached skill level 5 in Necromancy
  1087 | D:2      | Gained mutation: A meltable shield of frost defends you.
                  | (SH +4) [demonic ancestry]
  1087 | D:2      | Reached XP level 3. HP: 24/24 MP: 4/6
  1870 | D:2      | Reached XP level 4. HP: 31/31 MP: 3/8
  2146 | D:2      | Noticed Terence
  2160 | D:2      | Learned a level 3 spell: Vampiric Draining
  2165 | D:2      | Slain by Terence

Illustrated notes

Levels and vault maps discovered:
D:1:      co_arrival_random_square_maze, layout_basic
D:2:      layout_loops_corners, hellmonk_ecumenical_altar_pennies_from_heaven,
          uniq_terence

Skill      XL: |  1  2  3 |
---------------+----------+-----
Necromancy     | 5 |  5.2
Dodging        | 2 |  2.1
Stealth        | 2 |  2.1
Fighting       | |  0.3
Short Blades   | |  0.3
Spellcasting   | |  2.9

Action                   |  1- 3 |  4- 6 || total
-------------------------+-------+-------++-------
Melee: Unarmed           |     1 |       ||     1
       Dagger            |    28 |     4 ||    32
 Cast: Necrotise         |    52 |    10 ||    62
       Vampiric Draining |       |     1 ||     1
 Stab: Sleeping          |    10 |     1 ||    11
Armor: Robe              |    15 |     1 ||    16
Dodge: Dodged            |    33 |     5 ||    38
Block: Other             |    10 |     3 ||    13
